 Dungeon Crawl Stone Soup version 0.25-a0-413-g3b4b6a4ccc (webtiles) character file.

Game seed: 16047627186662712639, levelgen mode: deterministic

5338 MisterFreud the Spry (level 10, 0/51 HPs)
             Began as a Felid Berserker on Jan 15, 2020.
             Was a High Priest of Trog.
             Slain by a troll (12 damage)
             ... on level 11 of the Dungeon.
             The game lasted 00:19:34 (12131 turns).

MisterFreud the Spry (Felid Berserker)             Turns: 12131, Time: 00:19:35

Health: 0/51       AC:  2    Str: 13    XL:     10   Next: 38%
Magic:  14/14      EV: 32    Int: 10    God:    Trog [*****.]
Gold:   575        SH:  0    Dex: 18    Spells: 9/9 levels left
                                        Lives:  0   Deaths: 3

rFire    . . .     SeeInvis +     - Unarmed
rCold    . . .     Gourm    .   (shield unavailable)
rNeg     . . .     Faith    .   (armour unavailable)
rPois    .         Spirit   .   (helmet unavailable)
rElec    .         Reflect  .   (cloak unavailable)
rCorr    .         Harm     .   (gloves unavailable)
MR       +....                  (boots unavailable)
Stlth    ++++++....             (no amulet)
HPRegen  0.17/turn              k - ring of stealth
MPRegen  0.14/turn              r - ring of flight

@: quick
A: very small, no armour, no weapons or thrown items, stealth, claws 1, fangs 3,
see invisible, carnivore, speed 1, shaggy fur 2, slow metabolism 1, sharp paws
a: Berserk, Trog's Hand, Brothers in Arms, Renounce Religion, Evoke Flight


You were on level 11 of the Dungeon.
You worshipped Trog.
Trog was extremely pleased with you.
You were full.

You visited 2 branches of the dungeon, and saw 12 of its levels.

You collected 575 gold pieces.

Inventory:

Jewellery
 k - a ring of stealth (left paw)
 r - a ring of flight (right paw)
Wands
 j - a wand of random effects (19)
 s - a wand of paralysis (5)
 u - a wand of acid (9)
 v - a wand of enslavement (7)
 B - a wand of polymorph (13)
 D - a wand of digging (6)
Scrolls
 b - a scroll of magic mapping
 c - a scroll of blinking {unknown}
 e - 2 scrolls of fog
 g - a scroll of fear
 h - 13 scrolls of teleportation
 i - 5 scrolls of remove curse
 y - 3 scrolls of holy word {unknown}
 C - 2 scrolls of identify
Potions
 d - 5 potions of curing
 f - a potion of haste
 l - a potion of resistance
 m - 3 potions of agility
 n - a potion of magic
 o - a potion of invisibility
 p - 3 potions of brilliance
 q - 3 potions of heal wounds
 t - a potion of ambrosia {unknown}
 w - 2 potions of flight {unknown}
 x - 2 potions of might {unknown}
 z - a potion of cancellation {unknown}
 A - a potion of berserk rage {unknown}
Comestibles
 a - 23 rations


   Skills:
 - Level 10.0 Fighting
 + Level 15.7 Dodging
 - Level 10.1 Stealth
 - Level 10.0 Unarmed Combat
 - Level 5.0 Evocations


You had 9 spell levels left.
You didn't know any spells.
Your spell library was empty.

Dungeon Overview and Level Annotations

Branches:
Dungeon (11/15)            Temple (1/1) D:6            Lair (0/6) D:9
    Orc (0/2) D:11

Altars:
Elyvilon
Gozag
Kikubaaqudgha
Nemelex Xobeh
Trog
Vehumet
Yredelemnul
Zin
The Shining One

Shops:
D:5 (   D:6 (   D:10 =

Annotations:
D:6 3 runed translucent doors, sigonnn's ghost, novice HaHu
D:10 3 runed translucent doors, Cycyc's ghost, novice DrCj; Vopap's ghost, journeyman GrGl


Innate Abilities, Weirdness & Mutations

You cannot wear armour.
You are incapable of wielding weapons or throwing items.
Your paws allow you to move quietly. (Stealth)
You have sharp claws.
You have razor-sharp teeth.
You have supernaturally acute eyesight. (SInv)
You are carnivorous and can eat meat at any time.
You cover ground quickly.
You are covered in thick fur. (AC +2)
You have a slow metabolism.
Your sharp claws are effective at attacking unaware monsters.


Message History

The troll misses you. The troll claws you! The troll misses you.
The troll bites you!
* * * LOW HITPOINT WARNING * * *
The troll misses you. x2
The troll completely misses you. The troll misses you.
The troll barely misses you. The troll completely misses you.
The troll misses you. The troll completely misses you.
The troll closely misses you. The troll completely misses you. x2
The troll completely misses you. The troll closely misses you.
The troll completely misses you. The troll misses you.
The troll completely misses you. x2
The troll closely misses you. The troll completely misses you.
The troll claws you.
* * * LOW HITPOINT WARNING * * *
The troll misses you. x2; The troll completely misses you.
The troll misses you. x3
The troll completely misses you. x3
The troll bites you!
You die...

#. #.#
#####.######
#. #.# #.#
#. #(# #.#
#.# #)# #.#
#.# #†# #.#
#.# #.#
#.########.#
#.#
#....gooT@.#
####.######
#####)###..#
#..........
#8.).8##.#
#.#####....
#gTogg##.#
#.# #..##
#.go.o##.#
#.# #..#.
#...o.##.#
#.# #..#.
#8...8##.#
#.# ##.#.
########.#
#.# #.#. #.#
#.# #.#.


You could see a troll, an orc warrior, a gnoll sergeant and an orc.

Vanquished Creatures
  2 hydras
  Erica (D:8)
  5 two-headed ogres
  A skeletal warrior (D:11)
  2 unseen horrors (D:11)
  Pikel (D:5)
  An ugly thing (D:11)
  A cyclops (D:11)
  A centaur skeleton (D:10)
  3 trolls
  2 hornets (D:8)
  A hippogriff (D:10)
  A shadow (D:11)
  A wyvern (D:9)
  A basilisk (D:11)
  4 hungry ghosts
  Grum (D:10)
  Eustachio (D:6)
  4 yaks
  Menkaure (D:7)
  2 soldier ants (D:8)
  A water moccasin (D:9)
  A black bear (D:9)
  4 ice beasts
  4 orc warriors
  2 phantoms
  2 sky beasts
  3 wolves
  9 ogres
  5 centaurs
  A crocodile (D:10)
  3 big kobolds (D:11)
  2 gnoll sergeants (D:11)
  6 bullfrogs
  A water moccasin zombie (D:9)
  2 scorpions
  4 killer bees
  A wight (D:8)
  A howler monkey (D:4)
  8 crimson imps
  3 centaur zombies
  A quasit (D:9)
  A bullfrog zombie (D:7)
  7 hounds
  2 orc priests
  2 jellies
  6 orc wizards
  A bullfrog skeleton (D:4)
  2 iguanas
  7 worker ants
  A hound skeleton (D:7)
  4 worker ant zombies
  6 gnolls
  11 adders
  3 shadow imps
  A white imp (D:4)
  An ooze (D:6)
  An adder zombie (D:8)
  2 adder skeletons
  4 dart slugs
  8 leopard geckos
  41 orcs
  4 ball pythons
  7 giant cockroaches
  9 goblins
  12 hobgoblins
  5 jackals
  6 kobolds
  6 quokkas
  5 bats
  7 frilled lizards
  A giant cockroach zombie (D:5)
  A jackal zombie (D:8)
  A quokka skeleton (D:5)
  5 rats
281 creatures vanquished.

Vanquished Creatures (others)
  3 hounds (D:5)
  3 adders (D:5)
  A giant cockroach (D:5)
  3 jackals (D:5)
  A quokka skeleton (D:5)
11 creatures vanquished.

Grand Total: 292 creatures vanquished

Notes
Turn   | Place    | Note
-------+----------+-------------------------------------------
     0 | D:1      | MisterFreud the Felid Berserker began the quest for the
                  | Orb.
     0 | D:1      | Reached XP level 1. HP: 10/10 MP: 2/2
    76 | D:1      | Reached XP level 2. HP: 8/14 MP: 3/3
   961 | D:2      | Reached XP level 3. HP: 17/18 MP: 4/4
  1226 | D:1      | Reached ** piety under Trog
  1542 | D:2      | Reached skill level 5 in Fighting
  1542 | D:2      | Reached XP level 4. HP: 21/23 MP: 5/5
  2433 | D:3      | Reached XP level 5. HP: 27/27 MP: 6/6
  2610 | D:3      | Reached *** piety under Trog
  2933 | D:4      | Found a radiant altar of Vehumet.
  2954 | D:4      | Reached skill level 1 in Stealth
  3125 | D:4      | Gained mutation: You are covered in thick fur. (AC +2)
                  | [Felid growth]
  3125 | D:4      | Reached XP level 6. HP: 29/31 MP: 7/7
  3156 | D:4      | HP: 1/31 [white imp (4)]
  3725 | D:5      | Entered Level 5 of the Dungeon
  3738 | D:5      | Reached skill level 5 in Dodging
  3830 | D:5      | Noticed a slave
  3831 | D:5      | Noticed a slave
  3833 | D:5      | Noticed Pikel
  3834 | D:5      | Noticed a slave
  3834 | D:5      | Noticed a slave
  3851 | D:5      | Killed Pikel
  3851 | D:5      | Reached skill level 7 in Dodging
  3851 | D:5      | Reached XP level 7. HP: 34/34 MP: 8/8
  4107 | D:5      | Reached skill level 8 in Dodging
  4107 | D:5      | Reached skill level 5 in Stealth
  4107 | D:5      | Reached XP level 8. HP: 25/38 MP: 9/9
  4193 | D:5      | Found a glowing golden altar of the Shining One.
  4205 | D:5      | Found Isethrucw's Weapon Emporium.
  4249 | D:5      | Reached skill level 5 in Unarmed Combat
  4459 | D:5      | You fall into a shaft and drop 1 floor!
  4608 | D:6      | Noticed sigonnn's ghost (novice HaHu)
  4705 | D:6      | Shot with an arrow by a centaur
  4706 | D:6      | Reached XP level 7. HP: -6/34 MP: 8/8
  4755 | D:6      | Found Tyabunt's Antique Weapon Emporium.
  4757 | D:6      | Found an opulent altar of Gozag.
  4799 | D:6      | Found a runed translucent gate.
  4799 | D:6      | Found a runed translucent gate.
  4800 | D:6      | Found a runed translucent gate.
  4902 | D:6      | Reached skill level 9 in Dodging
  5017 | D:6      | Noticed Eustachio
  5034 | D:6      | Killed Eustachio
  5034 | D:6      | Reached **** piety under Trog
  5211 | D:6      | Found a staircase to the Ecumenical Temple.
  5229 | D:6      | Reached skill level 10 in Dodging
  5229 | D:6      | Reached XP level 8. HP: 19/38 MP: 9/9
  5590 | Temple   | Entered the Ecumenical Temple
  5661 | D:7      | Found a bloodstained altar of Trog.
  5662 | D:7      | Noticed Menkaure
  5672 | D:7      | Killed Menkaure
  5738 | D:7      | Reached skill level 1 in Evocations
  6280 | D:7      | Found an ancient bone altar of Kikubaaqudgha.
  6338 | D:7      | You fall into a shaft and drop 3 floors!
  6338 | D:10     | Entered Level 10 of the Dungeon
  6582 | D:7      | Reached XP level 9. HP: 36/42 MP: 11/11
  7048 | D:8      | Noticed Erica
  7066 | D:8      | Killed Erica
  7066 | D:8      | Reached skill level 11 in Dodging
  7344 | D:8      | Noticed a two-headed ogre
  7351 | D:8      | Killed a two-headed ogre
  7559 | D:8      | Reached XP level 10. HP: 47/47 MP: 14/14
  7809 | D:8      | Reached ***** piety under Trog
  8066 | D:9      | Reached skill level 5 in Evocations
  8109 | D:9      | Noticed a two-headed ogre
  8121 | D:9      | Noticed a two-headed ogre
  8127 | D:9      | Killed a two-headed ogre
  8345 | D:9      | Killed a two-headed ogre
  8345 | D:9      | Reached skill level 12 in Dodging
  8345 | D:9      | Reached skill level 10 in Stealth
  8688 | D:9      | Found a glowing silver altar of Zin.
  8688 | D:9      | Noticed an angel
  8792 | D:9      | Found a staircase to the Lair.
  9190 | D:9      | Found a sparkling altar of Nemelex Xobeh.
  9190 | D:9      | Found a basalt altar of Yredelemnul.
  9194 | D:9      | Found a white marble altar of Elyvilon.
  9258 | D:10     | Noticed Grum
  9268 | D:9      | Reached XP level 11. HP: 48/52 MP: 15/15
  9592 | D:10     | Found Gedduen's Jewellery Emporium.
  9628 | D:10     | Found a runed translucent gate.
  9628 | D:10     | Found a runed translucent gate.
  9629 | D:10     | Found a runed translucent gate.
  9630 | D:10     | Noticed a five-headed hydra
  9637 | D:10     | Killed a five-headed hydra
  9703 | D:10     | Reached skill level 13 in Dodging
  9737 | D:10     | Killed Grum
 10579 | D:10     | Noticed a two-headed ogre
 10584 | D:10     | Killed a two-headed ogre
 10730 | D:10     | Noticed Cycyc's ghost (novice DrCj)
 10730 | D:10     | Noticed Vopap's ghost (journeyman GrGl)
 10842 | D:11     | Noticed a cyan ugly thing
 10843 | D:11     | Killed a cyan ugly thing
 10845 | D:11     | Noticed a six-headed hydra
 10846 | D:11     | Noticed a skeletal warrior
 10868 | D:11     | Killed a skeletal warrior
 10868 | D:11     | Reached skill level 10 in Unarmed Combat
 10882 | D:11     | Reached skill level 10 in Fighting
 10889 | D:11     | Slain by a six-headed hydra
 10890 | D:11     | Reached XP level 10. HP: -1/76 MP: 14/14
 11258 | D:11     | Noticed a cyclops
 11275 | D:11     | Killed a cyclops
 11275 | D:11     | Reached skill level 14 in Dodging
 11282 | D:11     | Noticed an unseen horror
 11306 | D:11     | Killed an unseen horror
 11450 | D:11     | Noticed an unseen horror
 11463 | D:11     | Killed a six-headed hydra
 11463 | D:11     | Reached XP level 11. HP: 42/54 MP: 15/15
 11467 | D:11     | Killed an unseen horror
 11467 | D:11     | Reached skill level 15 in Dodging
 11778 | D:11     | Noticed a two-headed ogre
 11789 | D:11     | Killed a two-headed ogre
 11953 | D:11     | Found a staircase to the Orcish Mines.
 11990 | D:11     | Slain by a gnoll sergeant
 11991 | D:11     | Reached XP level 10. HP: -3/51 MP: 14/14
 12131 | D:11     | Slain by a troll

Levels and vault maps discovered:
D:1:      scummos_arrival_forest, layout_basic, minmay_tetromino_o2
D:2:      layout_rooms, kennysheep_generic_room_15
D:3:      wad_river_or_something, layout_rooms
D:4:      layout_loops_ring, lemuel_doored_altar, minmay_fire_ice_demons
D:5:      layout_loops_cross, lemuel_crystal_altar, serial_shops,
          nicolae_shop_stone, first_ration, lemuel_blue_sif_altar, uniq_pikel
D:6:      layout_basic, minmay_temple_entry_antechambers, serial_shops,
          nicolae_shop_window_shopping, basic_altar, gammafunk_ghost_icy,
          uniq_eustachio
D:7:      layout_loops_cross, marbit_many_paths, old_standard_altar,
          kennysheep_flooded_box, minmay_circle_x, uniq_menkaure
D:8:      layout_basic, hangedman_pestilent_swarm, hangedman_minor_gate_pass,
          uniq_erica
D:9:      minmay_bubble_buster, layout_rooms, zin_angel,
          gammafunk_temple_overflow_claw, dpeg_oklobed_lair,
          kennysheep_minor_cross
D:10:     layout_basic, gammafunk_ghost_cemetery, serial_shops,
          nicolae_shop_waterfront, special_room [special_room_orc], uniq_grum
D:11:     minmay_distorted_concentric_squares, layout_loops_ring,
          kennysheep_orc_monster_closet_entryway
Temple:   eino_temple_water

Skill      XL: |  1  2  3  4  5  6  7  8  9 10 11 |
---------------+----------------------------------+-----
Fighting       | 4 5 6 7 8 10 | 10.0
Stealth        | 1 4 6 7 8 10 | 10.1
Dodging        | 7 10 11 14 15 | 15.7
Unarmed Combat | 4 6 7 8 10 | 10.0
Evocations     | 2 4 5 |  5.0

Action                   |  1- 3 |  4- 6 |  7- 9 | 10-12 || total
-------------------------+-------+-------+-------+-------++-------
Melee: Unarmed           |    83 |   151 |   276 |   404 ||   914
       Bite              |     7 |    14 |    33 |    52 ||   106
       Punch             |     2 |     2 |     6 |    21 ||    31
Invok: Berserk           |     1 |     4 |    11 |    11 ||    27
       Trog's Hand       |       |       |     1 |     2 ||     3
  Use: Scroll            |       |    15 |     2 |       ||    17
       Potion            |       |       |       |     1 ||     1
 Stab: Sleeping          |     2 |    17 |    16 |    23 ||    58
       Distracted        |       |       |     3 |     2 ||     5
  Eat: Chunk             |     8 |     7 |    25 |    38 ||    78
Armor: Skin              |    10 |     6 |     7 |    13 ||    36
Dodge: Dodged            |    79 |   109 |   217 |   487 ||   892

Table legend:
 A = Non-vault XP
 B = Vault XP
 C = Vault XP percentage of total XP
 D = Non-vault monster count
 E = Vault monster count
 F = Vault count percentage of total count
                 A         B        C        D         E       F
            +---------+---------+-------+---------+---------+-------
      Total |   13130 |   11594 |  46.9 |     198 |      83 |  29.5
            +---------+---------+-------+---------+---------+-------
        D:1 |      44 |       4 |   8.3 |      17 |       1 |   5.6
        D:2 |      62 |       0 |   0.0 |      17 |       0 |   0.0
        D:3 |      61 |      52 |  46.0 |      19 |       9 |  32.1
        D:4 |     121 |      60 |  33.1 |       9 |       2 |  18.2
        D:5 |     653 |     586 |  47.3 |      20 |       1 |   4.8
        D:6 |     569 |     191 |  25.1 |      18 |       1 |   5.3
        D:7 |    1007 |     351 |  25.8 |      27 |       5 |  15.6
        D:8 |    1409 |    2242 |  61.4 |      16 |      13 |  44.8
        D:9 |    1744 |    2947 |  62.8 |      16 |      15 |  48.4
       D:10 |    3830 |     882 |  18.7 |      12 |      18 |  60.0
       D:11 |    3630 |    4279 |  54.1 |      27 |      18 |  40.0
            +---------+---------+-------+---------+---------+-------
